BSA
CHICAGO MACHINE @ HOUSTON MARSHALS
04/26/2027
 
TOP OF THE 1ST
Chicago Machine batting - Pitching for Houston Marshals : LHP Stan Aldridge
Pitching: LHP Stan Aldridge
Batting: RHB Matt Doyle 0-0: SINGLE (Groundball, 34D)
Batting: SHB Edward Bartlett 0-0: Ball
1-0: Swinging Strike
1-1: Swinging Strike
1-2: Ball
2-2: Ball
3-2: Fly out, F8 (Flyball, 78S)
Batting: SHB José Alomar 0-0: Ball
1-0: Swinging Strike
1-1: SINGLE (Line Drive, 78S)
Matt Doyle to second
Batting: LHB Kiyonaga Morita 0-0: Fly out, F7 (Flyball, 78M)
Batting: RHB Lorenzo Guzmán 0-0: Ground out 1-3 (Groundball, 13)
Top of the 1st over - 0 run(s), 2 hit(s), 0 error(s), 2 left on base; Chicago 0 - Houston 0
BOTTOM OF THE 1ST
Houston Marshals batting - Pitching for Chicago Machine : RHP Geoffrey Keller
Pitching: RHP Geoffrey Keller
Batting: LHB John Peterson 0-0: Ball
1-0: Ball
2-0: Fly out, F8 (Flyball, 89S)
Batting: SHB Ramón Lugo 0-0: Called Strike
0-1: Called Strike
0-2: Foul Ball, location: 2F
0-2: Ball
1-2: Foul Ball, location: 2F
1-2: Ball
2-2: Foul Ball, location: 2F
2-2: Ball
3-2: Ground out U3 (Groundball, 34)
Batting: LHB Lewis Barr 0-0: Ball
1-0: Called Strike
1-1: Fly out, F5 (Popup, 5L)
Bottom of the 1st over - 0 run(s), 0 hit(s), 0 error(s), 0 left on base; Chicago 0 - Houston 0
TOP OF THE 2ND
Chicago Machine batting - Pitching for Houston Marshals : LHP Stan Aldridge
Batting: SHB Lee Townsend 0-0: Ball
1-0: Called Strike
1-1: SINGLE (Groundball, 56D)
Batting: RHB Paul Swift 0-0: Ball
1-0: Fly out, F8 (Flyball, 8RD)
Batting: RHB Sam Wallace 0-0: Ball
1-0: Called Strike
1-1: Swinging Strike
1-2: Foul Ball, location: 2F
1-2: Grounds into double play, 6-4-3 (Groundball, 6)
Top of the 2nd over - 0 run(s), 1 hit(s), 0 error(s), 0 left on base; Chicago 0 - Houston 0
BOTTOM OF THE 2ND
Houston Marshals batting - Pitching for Chicago Machine : RHP Geoffrey Keller
Batting: LHB José Rodríguez 0-0: Swinging Strike
0-1: Ball
1-1: Ball
2-1: Ball
3-1: Called Strike
3-2: Foul Ball, location: 2F
3-2: Foul Ball, location: 2F
3-2: Strikes out looking
Batting: LHB Kent MacDulothe 0-0: Ball
1-0: Foul Ball, location: 2F
1-1: Swinging Strike
1-2: Strikes out swinging
Batting: RHB David Murray 0-0: Ball
1-0: Ball
2-0: Ball
3-0: Called Strike
3-1: Base on Balls
Batting: LHB Matt Smith 0-0: Ball
1-0: Called Strike
1-1: Fielders Choice at 2nd, 4-6 (Groundball, 4)
Bottom of the 2nd over - 0 run(s), 0 hit(s), 0 error(s), 0 left on base; Chicago 0 - Houston 0
TOP OF THE 3RD
Chicago Machine batting - Pitching for Houston Marshals : LHP Stan Aldridge
Batting: RHB Robert Downing 0-0: Ball
1-0: Foul Ball, location: 2F
1-1: Swinging Strike
1-2: Foul Ball, location: 2F
1-2: Strikes out swinging
Batting: RHB Matt Doyle 0-0: Swinging Strike
0-1: Ball
1-1: Swinging Strike
1-2: Strikes out looking
Batting: SHB Edward Bartlett 0-0: Ball
1-0: Ball
2-0: Called Strike
2-1: Fly out, F8 (Flyball, 8LS)
Top of the 3rd over - 0 run(s), 0 hit(s), 0 error(s), 0 left on base; Chicago 0 - Houston 0
BOTTOM OF THE 3RD
Houston Marshals batting - Pitching for Chicago Machine : RHP Geoffrey Keller
Batting: SHB Juan Gómez 0-0: Ball
1-0: SINGLE (Line Drive, 89S)
Batting: RHB Jim Tracy 0-0: Called Strike
0-1: Swinging Strike
0-2: Ball
1-2: Foul Ball, location: 2F
1-2: Ball
2-2: Ground out 5-3 (Groundball, 56S)
Juan Gómez to second
Batting: LHB John Peterson 0-0: Swinging Strike
0-1: Foul Ball, location: 2F
0-2: Ball
1-2: SINGLE (Groundball, 4D)
Juan Gómez to third
Runner from 3rd tries for Home, SAFE, throw made home
Batting: SHB Ramón Lugo 0-0: Foul Ball, location: 2F
0-1: Fly out, F7 (Line Drive, 78M)
Batting: LHB Lewis Barr 0-0: Called Strike
0-1: Called Strike
0-2: Ball
Wild Pitch!
John Peterson to second
1-2: Strikes out swinging
Bottom of the 3rd over - 1 run(s), 2 hit(s), 0 error(s), 1 left on base; Chicago 0 - Houston 1
TOP OF THE 4TH
Chicago Machine batting - Pitching for Houston Marshals : LHP Stan Aldridge
Batting: SHB José Alomar 0-0: Ball
1-0: Ball
2-0: SINGLE (Groundball, 34D)
Batting: LHB Kiyonaga Morita 0-0: Called Strike
0-1: Grounds into double play, 1-4-3 (Groundball, 15)
Batting: RHB Lorenzo Guzmán 0-0: Called Strike
0-1: Foul Ball, location: 2F
0-2: Ball
1-2: Fly out, F9 (Flyball, 9LS)
Top of the 4th over - 0 run(s), 1 hit(s), 0 error(s), 0 left on base; Chicago 0 - Houston 1
BOTTOM OF THE 4TH
Houston Marshals batting - Pitching for Chicago Machine : RHP Geoffrey Keller
Batting: LHB José Rodríguez 0-0: Ball
1-0: Ball
2-0: Ball
3-0: Base on Balls
Batting: LHB Kent MacDulothe 0-0: Ball
1-0: Ball
2-0: Grounds into double play, 4-6-3 (Groundball, 34)
Batting: RHB David Murray 0-0: Called Strike
0-1: Ball
1-1: Ball
2-1: Ball
3-1: Base on Balls
Batting: LHB Matt Smith 0-0: Called Strike
0-1: Ball
1-1: Ball
2-1: Foul Ball, location: 2F
2-2: Fly out, F8 (Flyball, 8RM)
Bottom of the 4th over - 0 run(s), 0 hit(s), 0 error(s), 1 left on base; Chicago 0 - Houston 1
TOP OF THE 5TH
Chicago Machine batting - Pitching for Houston Marshals : LHP Stan Aldridge
Batting: SHB Lee Townsend 0-0: Ball
1-0: SINGLE (Groundball, 6S) (infield hit)
Batting: RHB Paul Swift 0-0: Ball
1-0: Called Strike
1-1: Called Strike
1-2: Foul Ball, location: 2F
1-2: Foul Ball, location: 2F
1-2: Fly out, F6 (Popup, 56)
Batting: RHB Sam Wallace 0-0: Ball
1-0: Grounds into double play, 4-6-3 (Groundball, 4)
Top of the 5th over - 0 run(s), 1 hit(s), 0 error(s), 0 left on base; Chicago 0 - Houston 1
BOTTOM OF THE 5TH
Houston Marshals batting - Pitching for Chicago Machine : RHP Geoffrey Keller
Batting: SHB Juan Gómez 0-0: SINGLE (Line Drive, 6MD)
Batting: RHB Jim Tracy 0-0: Swinging Strike
0-1: Swinging Strike
0-2: Ball
1-2: Foul Ball, location: 2F
1-2: Ball
2-2: Foul Ball, location: 2F
2-2: SINGLE (Groundball, 34D)
Juan Gómez to second
Runner from 2nd tries for 3rd, SAFE, throw made to third
Batting: LHB John Peterson 0-0: Called Strike
0-1: Ball
1-1: Foul Ball, location: 2F
1-2: Ball
2-2: Foul Ball, location: 2F
2-2: Foul Ball, location: 2F
2-2: Ball
3-2: 3-RUN HOME RUN (Flyball, 9LD), Distance : 360 ft
Batting: SHB Ramón Lugo 0-0: Ball
1-0: Foul Ball, location: 2F
1-1: Ball
2-1: Ground out 5-3 (Groundball, 5L)
Batting: LHB Lewis Barr 0-0: Ball
1-0: Called Strike
1-1: SINGLE (Groundball, 4MD)
Batting: LHB José Rodríguez 0-0: Called Strike
0-1: Fly out, F9 (Flyball, 89M)
Batting: LHB Kent MacDulothe 0-0: Fly out, F8 (Line Drive, 89D)
Bottom of the 5th over - 3 run(s), 4 hit(s), 0 error(s), 1 left on base; Chicago 0 - Houston 4
TOP OF THE 6TH
Chicago Machine batting - Pitching for Houston Marshals : LHP Stan Aldridge
Batting: RHB Robert Downing 0-0: Fly out, F8 (Flyball, 8RM)
Batting: RHB Matt Doyle 0-0: Ball
1-0: Ball
2-0: Swinging Strike
2-1: SINGLE (Line Drive, 4D)
Batting: SHB Edward Bartlett 0-0: Ball
1-0: Called Strike
1-1: Ball
2-1: Grounds into double play, 6-4-3 (Groundball, 6)
Top of the 6th over - 0 run(s), 1 hit(s), 0 error(s), 0 left on base; Chicago 0 - Houston 4
BOTTOM OF THE 6TH
Houston Marshals batting - Pitching for Chicago Machine : RHP Geoffrey Keller
Pitching: RHP Raúl Ruíz
Batting: RHB David Murray 0-0: Fly out, F8 (Flyball, 8LXD)
Batting: LHB Matt Smith 0-0: Called Strike
0-1: Ball
1-1: DOUBLE (Groundball, 5L)
Batting: SHB Juan Gómez 0-0: Ball
1-0: Called Strike
1-1: Ball
2-1: SINGLE (Line Drive, 9LS)
Matt Smith to third
Batting: RHB Jim Tracy 0-0: Fielders Choice at 2nd, 3-6 (Groundball, 34)
Matt Smith scores
Batting: LHB John Peterson 0-0: Ball
1-0: Fielders Choice at 2nd, 4-6 (Groundball, 34D)
Bottom of the 6th over - 1 run(s), 2 hit(s), 0 error(s), 0 left on base; Chicago 0 - Houston 5
TOP OF THE 7TH
Chicago Machine batting - Pitching for Houston Marshals : LHP Stan Aldridge
Batting: SHB José Alomar 0-0: Called Strike
0-1: Foul Ball, location: 2F
0-2: Ball
1-2: Ground out 5-3 (Groundball, 56)
Batting: LHB Kiyonaga Morita 0-0: Called Strike
0-1: Foul Ball, location: 2F
0-2: Ball
1-2: Fly out, F8 (Flyball, 8RM)
Batting: RHB Lorenzo Guzmán 0-0: Ground out 4-3 (Groundball, 4)
Top of the 7th over - 0 run(s), 0 hit(s), 0 error(s), 0 left on base; Chicago 0 - Houston 5
BOTTOM OF THE 7TH
Houston Marshals batting - Pitching for Chicago Machine : RHP Raúl Ruíz
Batting: SHB Ramón Lugo 0-0: Ball
1-0: Swinging Strike
1-1: Ball
2-1: Ball
3-1: Ground out 1-3 (Groundball, 13)
Batting: LHB Lewis Barr 0-0: Ball
1-0: Ground out 1-3 (Groundball, 13S)
Batting: LHB José Rodríguez 0-0: Fly out, F2 (Popup, 23)
Bottom of the 7th over - 0 run(s), 0 hit(s), 0 error(s), 0 left on base; Chicago 0 - Houston 5
TOP OF THE 8TH
Chicago Machine batting - Pitching for Houston Marshals : LHP Stan Aldridge
Batting: SHB Lee Townsend 0-0: Foul Ball, location: 2F
0-1: Swinging Strike
0-2: Foul Ball, location: 2F
0-2: Ball
1-2: Ground out 6-3 (Groundball, 6)
Batting: RHB Paul Swift 0-0: Ball
1-0: Foul Ball, location: 2F
1-1: Ball
2-1: Ball
3-1: Called Strike
3-2: Strikes out looking
Batting: RHB Sam Wallace 0-0: Called Strike
0-1: Ground out 4-3 (Groundball, 4)
Top of the 8th over - 0 run(s), 0 hit(s), 0 error(s), 0 left on base; Chicago 0 - Houston 5
BOTTOM OF THE 8TH
Houston Marshals batting - Pitching for Chicago Machine : RHP Raúl Ruíz
Batting: LHB Kent MacDulothe 0-0: Called Strike
0-1: Ball
1-1: Ground out 4-3 (Groundball, 4S)
Batting: RHB David Murray 0-0: Ball
1-0: SINGLE (Groundball, 6D)
Batting: LHB Matt Smith 0-0: Ball
1-0: Ball
2-0: Called Strike
2-1: Called Strike
David Murray steals 2nd base
2-2: Ground out 4-3 (Groundball, 4MS)
David Murray to third
Batting: SHB Juan Gómez 0-0: Ball
1-0: Swinging Strike
1-1: Swinging Strike
1-2: Hit by Pitch
Batting: RHB Jim Tracy 0-0: Foul Ball, location: 2F
0-1: Swinging Strike
0-2: Ball
1-2: Ball
2-2: Ball
3-2: Ground out 4-3 (Groundball, 4M)
Bottom of the 8th over - 0 run(s), 1 hit(s), 0 error(s), 2 left on base; Chicago 0 - Houston 5
TOP OF THE 9TH
Chicago Machine batting - Pitching for Houston Marshals : LHP Stan Aldridge
Now at SS: Gregg Nelson
Batting: RHB Robert Downing 0-0: Ball
1-0: Called Strike
1-1: SINGLE (Groundball, 56S) (infield hit)
Batting: RHB Matt Doyle 0-0: Foul Ball, location: 2F
0-1: Ball
1-1: Foul Ball, location: 2F
1-2: Ball
2-2: Ball
3-2: Foul Ball, location: 2F
3-2: SINGLE (Groundball, 34D)
Robert Downing to second
Runner from 2nd tries for 3rd, SAFE, throw made to third
Batting: SHB Edward Bartlett 0-0: Ground out 6-3 (Groundball, 6S)
Robert Downing scores
Matt Doyle to second
Batting: SHB José Alomar 0-0: Ball
1-0: Called Strike
1-1: TRIPLE (Flyball, 9LM)
Matt Doyle scores
Pitching: RHP Edward Cadle
Batting: LHB Kiyonaga Morita 0-0: Called Strike
0-1: Called Strike
0-2: Strikes out swinging
Batting: RHB Lorenzo Guzmán 0-0: Ball
1-0: Ball
2-0: Ball
3-0: Base on Balls
Batting: SHB Lee Townsend 0-0: Ball
1-0: Ball
2-0: Called Strike
2-1: Fly out, F4 (Popup, 4)
Top of the 9th over - 2 run(s), 3 hit(s), 0 error(s), 2 left on base; Chicago 2 - Houston 5
Thursday, March 30th, 2017 - OOTP Baseball 17.12 Build 75